 Dungeon Crawl Stone Soup version 0.30-a0-469-g84de5afbc5 (webtiles) character file.

Game seed: 12025037996534150898

151 Raultor the Insei (level 5, -2/40 HPs)
             Began as an Octopode Transmuter on Dec 19, 2022.
             Slain by Menkaure (3 damage)
             ... on level 4 of the Dungeon.
             The game lasted 00:05:11 (3046 turns).

Raultor the Insei (Octopode Transmuter)             Turns: 3046, Time: 00:05:11

Health: -2/40      AC:  6    Str: 10    XL:     5   Next: 33%
Magic:  17/17      EV: 10    Int: 15    God:
Gold:   183        SH:  0    Dex: 12    Spells: 1/8 levels left

rFire   x . .      SeeInvis .      - Unarmed
rCold   + + +      Faith    .    (shield currently unavailable)
rNeg    . . .      Spirit   .    (helmet currently unavailable)
rPois   +          Reflect  .    (no amulet)
rElec   .          Harm     .    M - ring of magical power
rCorr   +          Rampage  .    R - ring of resist corrosion
Will    .....                    P - ring of poison resistance
Stlth   +.........               (no ring)
HPRegen 0.26/turn                (no ring)
MPRegen 0.15/turn                (no ring)
                                 (no ring)
                                 (no ring)

@: ice-form (expiring)
A: freezing attack, boosted hp, almost no armour, amphibious, 8 rings, large,
(camouflage 1), (gelatinous body 1), (nimble swimmer 1), (tentacles), dopey 1
a: End Transformation


You were on level 4 of the Dungeon.
You were a creature of crystalline ice.
You visited 1 branch of the dungeon, and saw 4 of its levels.

You collected 183 gold pieces.


Innate Abilities, Weirdness & Mutations

You are a creature of crystalline ice.
You have a powerful freezing melee attack.
Your maximum health is increased.
Your armour is entirely melded.
You are incapable of wielding weapons or throwing items.
You cannot wear most types of armour.
You are amphibious.
You can wear up to eight rings at the same time.
((Your skin changes colour to match your surroundings (Stealth+).))
((Your rubbery body absorbs attacks. (AC +1, EV +1)))
((You are camouflaged when in or above water. (Stealth+)))
((You have tentacles for arms and can constrict up to eight enemies at once.))
You are dopey. (Int -2)


   Skills:
 + Level 2.0 Fighting
 - Level 2.0 Dodging
 + Level 3.7 Unarmed Combat
 - Level 2.0 Spellcasting
 * Level 3.4 Transmutations
 * Level 2.5 Ice Magic


You had one spell level left.
You knew the following spells:

 Your Spells              Type           Power      Damage    Failure   Level
b - Beastly Appendage     Tmut           22%        N/A       5%          1
c - Ice Form              Ice/Tmut       10%        N/A       54%         4
w - Wereblood             Tmut           11%        N/A       9%          2

Your spell library contained the following spells:

 Spells                   Type           Power      Damage    Failure   Level
 Sublimation of Blood     Necr           1%         N/A       32%         2
 Spider Form              Tmut/Pois      6%         N/A       32%         3
 Petrify                  Tmut/Erth      6%         N/A       73%         4
 Irradiate                Conj/Tmut      3%         3d12      97%         5

Inventory:

Jewellery
 M - a ring of magical power (left front paw)
 P - a ring of poison resistance (on tentacle)
 R - a ring of resist corrosion (right front paw)
Wands
 p - a wand of flame (27)
Scrolls
 b - a scroll of vulnerability {unknown}
 c - a scroll of poison {unknown}
 e - a scroll of teleportation {unknown}
 f - a scroll of fear {unknown}
 g - a scroll of fog {unknown}
 k - 2 scrolls of identify {unknown}
 l - a scroll of enchant weapon {unknown}
Potions
 a - a potion of lignification
 d - a potion of haste {unknown}
 h - a potion of degeneration {unknown}
 i - 3 potions of flight {unknown}
 j - a potion of brilliance {unknown}
 m - a potion of heal wounds {unknown}
 n - a potion of curing {unknown}
 o - a potion of might {unknown}

Dungeon Overview and Level Annotations

Branches:
Dungeon (4/15)
 Temple: D:4-7

Altars:

Annotations:
D:4 Menkaure

.#..#.#<# .. #.
#.#.# #.## #.
#.#.# ....#.
#.#.#
###..#.##.#.#
........#.#.#
........#...#
........###.####
#..MY.......#
#h#$####.##.# #.
#.# # .. ... .#.
#..# ..#. #..#
.. .. #..# ...
## ..#


You could see a black bear and Menkaure (fast).


Message History

The adder hisses angrily.
There is a stone staircase leading up here.
You closely miss the adder.
The adder bites you but does no damage. x2
You hit the adder.
The adder seems to slow down.
You freeze the adder.
The adder is heavily wounded.
You hit the adder.
The adder seems to slow down.
You freeze the adder.
The adder is severely wounded.
The adder bites you but does no damage.
You punch the adder!
The adder seems to slow down.
You freeze the adder.
You kill the adder!
Your Fighting skill increases to level 2!
Magic restored.
Your transformation is almost over.
Menkaure, Prince of Dust comes into view.
Found 9 gold pieces.
Menkaure shouts!
Menkaure casts a spell.
Menkaure seems to speed up.
You hit Menkaure but do no damage. Menkaure hits you!!
Ouch! That really hurt!
* * * LOW HITPOINT WARNING * * *
You hear an angry growl.
You hit Menkaure.
Menkaure is lightly damaged.
Menkaure hits you!!
Ouch! That really hurt!
* * * LOW HITPOINT WARNING * * *
A black bear comes into view.
Menkaure hits you.
You die...

Skill      XL: |  1  2  3  4  5 |
---------------+----------------+-----
Ice Magic      | 1 2 |  2.5
Transmutations | 3 |  3.4
Fighting       | 2 |  2.0
Dodging        | |  2.0
Unarmed Combat | |  3.7
Spellcasting   | |  2.0

Action                   |  1- 3 |  4- 6 || total
-------------------------+-------+-------++-------
Melee: Unarmed           |    87 |    97 ||   184
       Constrict         |    19 |    23 ||    42
       Tentacles         |    15 |    14 ||    29
       Kick              |     7 |    14 ||    21
       Punch             |     3 |     1 ||     4
 Cast: Beastly Appendage |     7 |     5 ||    12
       Wereblood         |       |     3 ||     3
       Ice Form          |       |     2 ||     2
 Stab: Sleeping          |     8 |     3 ||    11
Armor: Skin              |     9 |    13 ||    22
Dodge: Dodged            |    64 |    53 ||   117

Levels and vault maps discovered:
D:1:      minmay_arrival_four_circles, layout_basic,
          dreamdust_ecumenical_altar_grove, serial_park_tiny_1
D:2:      layout_basic
D:3:      minmay_octagon_keep, layout_basic
D:4:      layout_basic, serial_shops, shop, uniq_menkaure

Notes
Turn   | Place    | Note
-------+----------+-------------------------------------------
     0 | D:1      | Raultor the Octopode Transmuter began the quest for the
                  | Orb.
     0 | D:1      | Reached XP level 1. HP: 13/13 MP: 3/3
   120 | D:1      | Reached XP level 2. HP: 18/18 MP: 5/5
   233 | D:1      | Reached skill level 1 in Ice Magic
   391 | D:1      | Found a faded altar of an unknown god.
   396 | D:1      | Reached XP level 3. HP: 23/23 MP: 6/6
  1111 | D:2      | Reached XP level 4. HP: 27/28 MP: 5/7
  1120 | D:2      | Learned a level 4 spell: Ice Form
  1123 | D:2      | Learned a level 2 spell: Wereblood
  1235 | D:2      | Reached skill level 2 in Ice Magic
  1850 | D:3      | Reached skill level 3 in Transmutations
  2269 | D:3      | Reached XP level 5. HP: 30/34 MP: 4/8
  2867 | D:3      | Gained mutation: You are dopey. (Int -2) [mutagenic glow]
  3034 | D:4      | Reached skill level 2 in Fighting
  3040 | D:4      | Noticed Menkaure
  3046 | D:4      | HP: 1/40 [Menkaure (20)]
  3046 | D:4      | Noticed a black bear
  3046 | D:4      | Slain by Menkaure

Vanquished Creatures
  2 gnolls
  3 adders
  2 worms (D:3)
  A dart slug (D:1)
  3 orcs
  7 ball pythons
  8 bats
  5 endoplasms
  5 giant cockroaches
  7 goblins
  11 hobgoblins
  6 jackals
  6 quokkas
  5 frilled lizards
  8 kobolds
  6 rats
85 creatures vanquished.

Vanquished Creatures (others)
  A plant (D:1)
1 creature vanquished.

Grand Total: 86 creatures vanquished

Table legend: (Time is in decaauts)
 A = Elapsed time spent in this place.
 B = Non-inter-level travel time spent in this place.
 C = Inter-level travel time spent in this place.
 D = Time resting spent in this place.
 E = Time spent auto-exploring this place.
 F = Levels seen in this place.
 G = Mean time per level.
                   A        B        C        D        E       F      G
               +--------+--------+--------+--------+--------+-----+--------+
         Total |   3034 |   2992 |     42 |    246 |   2151 |   4 |  758.5 |
       Dungeon |   3034 |   2992 |     42 |    246 |   2151 |   4 |  758.5 |
               +--------+--------+--------+--------+--------+-----+--------+

Top non-repeatable levels by time:
     D:3: 1152 daAuts
     D:2: 934 daAuts
     D:1: 902 daAuts
     D:4: 44 daAuts

Table legend:
 A = Non-vault XP
 B = Vault XP
 C = Vault XP percentage of total XP
 D = Non-vault monster count
 E = Vault monster count
 F = Vault count percentage of total count
                 A         B        C        D         E       F
            +---------+---------+-------+---------+---------+-------
      Total |     177 |      39 |  18.1 |      73 |      12 |  14.1
            +---------+---------+-------+---------+---------+-------
        D:1 |      66 |       0 |   0.0 |      30 |       0 |   0.0
        D:2 |      37 |       0 |   0.0 |      20 |       0 |   0.0
        D:3 |      57 |      39 |  40.6 |      20 |      12 |  37.5
        D:4 |      17 |       0 |   0.0 |       3 |       0 |   0.0
            +---------+---------+-------+---------+---------+-------
